 Dungeon Crawl Stone Soup version 0.14-a0-3295-g3fd807f (webtiles) character file.

311 Psiweapon the Bolt Thrower (level 5, 0/29 HPs)
             Began as a Kobold Hunter on Mar 13, 2014.
             Slain by an ice beast (12 damage)
             ... on Level 5 of the Dungeon on Mar 14, 2014.
             The game lasted 00:17:38 (2676 turns).

Psiweapon the Bolt Thrower (Kobold Hunter)          Turns: 2676, Time: 00:17:38

HP   0/29        AC  7     Str 16      XL: 5   Next: 78%
MP   5/5         EV 16     Int  9      God:
Gold 143         SH  0     Dex 17      Spells:  0 memorised,  4 levels left

rFire  . . .     SeeInvis .     b - +1 crossbow
rCold  . . .     Clarity  .     d - +0 leather armour
rNeg   . . .     Conserve .     (no shield)
rPois  .         rCorr    .     (no helmet)
rElec  .         rRot     .     g - +0 cloak
SustAb . .       Spirit   .     (no gloves)
rMut   .         Warding  .     y - +2 pair of boots
Saprov + + .     Stasis   .     (no amulet)
MR     .....                    (no ring)
                                t - +5 ring of strength

@: not resistant to hostile enchantments, fairly stealthy
A: disease resistance, carnivore 3, saprovore 2
a: no special abilities


You were on level 5 of the Dungeon.
You were completely stuffed.

You visited 1 branch of the dungeon, and saw 5 of its levels.

You collected 143 gold pieces.

Inventory:

Hand weapons
 a - a +0,+0 short sword
 b - a +1,+1 crossbow (weapon)
 h - a +0,+0 short sword
 r - a +2,+3 dagger
 x - a +0,+0 falchion
 B - a cursed -2 blowgun
Missiles
 c - 32 bolts (quivered)
 e - 37 poisoned needles
 q - 8 sling bullets of flame
Armour
 d - a +0 leather armour (worn)
 g - a +0 cloak (worn)
 w - a +0 ring mail
 y - a +2 pair of boots (worn)
Magical devices
 D - a wand of cold (8) {unknown}
Comestibles
 f - 2 meat rations
 E - a chunk of giant newt flesh
Scrolls
 l - a scroll of remove curse {unknown}
 m - a scroll of teleportation {unknown}
 n - a scroll of noise {unknown}
 o - a scroll of immolation {unknown}
 p - a scroll of amnesia {unknown}
 v - 2 scrolls of enchant weapon II {unknown}
 z - a scroll of fear {unknown}
 A - a scroll of enchant weapon I {unknown}
 C - a scroll of blinking {unknown}
Jewellery
 s - an uncursed amulet of the gourmand {unknown}
 t - a +5 ring of strength (left hand)
Potions
 i - 2 potions of agility
 j - a potion of curing
 k - a potion of heal wounds
 u - a potion of restore abilities


   Skills:
 - Level 1.1 Fighting
 + Level 6.4 Crossbows
 + Level 5.0 Dodging
 - Level 1.3 Stealth


You had 4 spell levels left.
You didn't know any spells.

Dungeon Overview and Level Annotations

Branches:
Dungeon (5/15)
 Temple: D:4-7

Altars:
Dithmenos
Elyvilon

Annotations:
D:4 Sigmund


Innate Abilities, Weirdness & Mutations

You recuperate from illness quickly.
You are small and have problems with some larger weapons.
You are carnivorous and can eat meat at any time.
You can eat rotten meat.


Message History

Firing (i - inventory):
c - 35 bolts (quivered)
Press: ? - help, Shift-Dir - straight line, f/p - ice beast
Aim: an ice beast (severely wounded)
You shoot a bolt. The bolt hits the ice beast.
The ice beast is severely wounded.
The ice beast barely misses you.
The ice beast hits you but does no damage.
Firing (i - inventory):
c - 34 bolts (quivered)
Press: ? - help, Shift-Dir - straight line, f/p - ice beast
Aim: an ice beast (severely wounded)
You shoot a bolt. The bolt hits the ice beast.
The ice beast is almost dead.
The ice beast completely misses you.
Firing (i - inventory):
c - 33 bolts (quivered)
Press: ? - help, Shift-Dir - straight line, f/p - ice beast
Aim: an ice beast (almost dead)
You shoot a bolt. The bolt hits the ice beast.
The ice beast is almost dead.
The ice beast hits you. The ice beast freezes you!
You die...

..# ....(#
......#
......<#
.......(.
(.......#
#........#
#.).....I#
#.......@#
#........#
#######.##
#...#
###.###
#..<#
####'###
#......#
#......#


You could see an ice beast.

Vanquished Creatures
  2 orc wizards (D:3)
  A worker ant (D:4)
  4 adders (D:3)
  A giant mite (D:1)
  2 orc skeletons (D:4)
  2 giant geckos
  4 orcs (D:3)
  2 ball pythons (D:1)
  8 goblins
  A hobgoblin (D:1)
  2 jackals (D:1)
  6 kobolds
  6 bats
  5 giant newts
  A kobold skeleton (D:4)
  7 rats
54 creatures vanquished.

Notes
Turn   | Place    | Note
--------------------------------------------------------------
     0 | D:1      | Psiweapon, the Kobold Hunter, began the quest for the Orb.
     0 | D:1      | Reached XP level 1. HP: 12/12 MP: 1/1
     8 | D:1      | Noticed a centaur
    32 | D:1      | Reached skill level 5 in Crossbows
    86 | D:1      | Reached XP level 2. HP: 6/16 MP: 2/2
   585 | D:1      | Reached XP level 3. HP: 20/20 MP: 3/3
  1901 | D:3      | Reached XP level 4. HP: 25/25 MP: 4/4
  2222 | D:3      | Reached skill level 6 in Crossbows
  2222 | D:3      | Reached XP level 5. HP: 26/29 MP: 5/5
  2448 | D:3      | Found a white marble altar of Elyvilon.
  2453 | D:3      | Found a shadowy altar of Dithmenos.
  2503 | D:4      | Reached skill level 5 in Dodging
  2505 | D:5      | Entered Level 5 of the Dungeon
  2625 | D:4      | Upgraded the game from 0.14-a0-3278-gb24e923 to 0.14-a0-3295-g3fd807f
  2629 | D:4      | Noticed Sigmund
  2668 | D:5      | Noticed an ice beast
  2676 | D:5      | Slain by an ice beast

Action                   |  1- 3 |  4- 6 || total
-------------------------+-------+-------++-------
Melee: Short sword       |    47 |     2 ||    49
 Fire: Crossbow          |    34 |    46 ||    80
  Use: Scroll            |       |     4 ||     4
       Potion            |       |     1 ||     1
 Stab: Sleeping          |     1 |       ||     1
